 Dungeon Crawl Stone Soup version 0.29-a0-483-g69413ace17 (webtiles) character file.

Game seed: 12537711291999591509

15381 testman the Reanimator (level 12, -22/122 HPs)
             Began as a Deep Dwarf Necromancer on May 25, 2022.
             Was a High Priest of Ashenzari.
             Killed from afar by Jorgrun (45 damage)
             ... with an iron shot
             ... on level 12 of the Dungeon.
             The game lasted 01:25:27 (10425 turns).

testman the Reanimator (Deep Dwarf Necromancer)    Turns: 10425, Time: 01:25:29

Health: -22/122    AC: 19    Str: 10    XL:     12   Next: 0%
Magic:  0/26       EV: 16    Int: 26    God:    Ashenzari [*****.]
Gold:   995        SH:  0    Dex: 13    Spells: 9/32 levels left

rFire   . . .      SeeInvis +   y - +2 whip of Curses and Power {freeze, Comp, Range} (curse)
rCold   . . .      Faith    .   (no shield)
rNeg    + + +      Spirit   .   a - +0 swamp dragon scales of Ashenzari's Stars {rPois, Elem, Alch} (curse)
rPois   +          Reflect  .   r - +2 helmet of Ashenzari's Blue Moon {Cun, Bglg} (curse)
rElec   .          Harm     .   v - +5 cloak of Supernal Wisdom {rN+++ Regen+ Str-2 Int+5, Self, Cun} (curse)
rCorr   .          Rampage  .   m - +0 pair of gloves of Panopticon {Melee, Bglg} (curse)
Will    +....      Clarity  +   (no boots)
Stlth   ++........              h - amulet "Ruined Gnosis" {RegenMP, Self, Elem} (curse)
HPRegen 0.00/turn               i - ring "Prophetic Sybil" {EV+4, Elem, Melee} (curse)
MPRegen 0.60/turn               F - ring "Perceptive Shame" {EV+4, Evo, Melee} (curse)

@: grasped by roots, animating dead, constricted
A: damage resistance, heal wounds, sense surroundings 2, no regeneration,
mutation resistance 1, passive freeze
a: Heal Wounds, Renounce Religion, Shatter the Chains


You were on level 12 of the Dungeon.
You worshipped Ashenzari.
Ashenzari was extremely pleased with you.
You visited 2 branches of the dungeon, and saw 13 of its levels.

You collected 995 gold pieces.

Inventory:

Hand Weapons
 q - a +0 hunting sling of freezing
 s - a +0 mace of holy wrath
 t - a +0 dagger of venom
 y - the cursed +2 whip of Curses and Power (weapon) {freeze, Comp, Range}
   (You took it off Pikel on level 5 of the Dungeon)

   It freezes those it strikes, dealing additional cold damage.
   It can also slow down cold-blooded creatures.
   It has a curse which improves the following skills: Companions: Summonings
   and Necromancy.
   Ranged Combat: Slings, Bows, Crossbows and Throwing.
Missiles
 g - 310 stones
 j - 6 boomerangs
 o - 22 poisoned darts
Armour
 a - the cursed +0 swamp dragon scales of Ashenzari's Stars (worn) {rPois, Elem, Alch}
   (You took it off Maggie on level 6 of the Dungeon)

   rPois:     It protects you from poison.
   It has a curse which improves the following skills: Elements: Fire Magic, Ice
   Magic, Air Magic and Earth Magic.
   Alchemy:   Poison Magic and Transmutations.
 b - a +1 robe of positive energy
 m - the cursed +0 pair of gloves of Panopticon (worn) {Melee, Bglg}
   (You found it on level 3 of the Dungeon)

   It has a curse which improves the following skills: Melee Combat: Short
   Blades, Long Blades, Axes, Maces & Flails, Polearms, Staves and Unarmed
   Combat.
   Beguiling: Conjurations, Hexes and Translocations.
 r - the cursed +2 helmet of Ashenzari's Blue Moon (worn) {Cun, Bglg}
   (You took it off Robin on level 2 of the Dungeon)

   It has a curse which improves the following skills: Cunning: Dodging and
   Stealth.
   Beguiling: Conjurations, Hexes and Translocations.
 v - the cursed +5 cloak of Supernal Wisdom (worn) {rN+++ Regen+ Str-2 Int+5, Self, Cun}
   (You found it on level 3 of the Dungeon)

   Str:       It affects your strength (-2).
   Int:       It affects your intelligence (+5).
   rN:        It renders you almost immune to negative energy.
   Regen:     It increases your rate of health regeneration.
   It has a curse which improves the following skills: Introspection: Fighting
   and Spellcasting.
   Cunning:   Dodging and Stealth.
Jewellery
 h - the cursed amulet "Ruined Gnosis" (around neck) {RegenMP, Self, Elem}
   (You found it on level 1 of the Dungeon)

   [amulet of magic regeneration]

   It increases your rate of magic regeneration.
   It has a curse which improves the following skills: Introspection: Fighting
   and Spellcasting.
   Elements:  Fire Magic, Ice Magic, Air Magic and Earth Magic.
 i - the cursed ring "Prophetic Sybil" (left hand) {EV+4, Elem, Melee}
   (You found it on level 2 of the Dungeon)

   [ring of evasion]

   EV:        It affects your evasion (+4).
   It has a curse which improves the following skills: Elements: Fire Magic, Ice
   Magic, Air Magic and Earth Magic.
   Melee Combat: Short Blades, Long Blades, Axes, Maces & Flails, Polearms,
   Staves and Unarmed Combat.
 C - a ring of see invisible
 F - the cursed ring "Perceptive Shame" (right hand) {EV+4, Evo, Melee}
   (You took it off a gnoll on level 7 of the Dungeon)

   [ring of evasion]

   EV:        It affects your evasion (+4).
   It has a curse which improves the following skills: Evocations: Evocations.
   Melee Combat: Short Blades, Long Blades, Axes, Maces & Flails, Polearms,
   Staves and Unarmed Combat.
 H - an amulet of the acrobat
Wands
 u - a wand of paralysis (21)
 D - a wand of flame (26)
 E - a wand of polymorph (6)
 P - a wand of mindburst (10)
Scrolls
 d - 2 scrolls of poison
 e - 4 scrolls of teleportation
 w - 2 scrolls of fog
 x - a scroll of blinking
 z - 4 scrolls of magic mapping
 G - a scroll of fear
 I - 2 scrolls of amnesia
Potions
 c - 4 potions of curing
 f - 2 potions of flight
 k - 6 potions of brilliance
 l - 2 potions of invisibility
 n - 4 potions of mutation
 p - 2 potions of haste
 A - 4 potions of lignification
 J - a potion of heal wounds
 K - a potion of attraction
 M - a potion of might
 N - a potion of magic
 O - a potion of ambrosia
Miscellaneous
 L - a piece from Xom's chessboard (15/15)


   Skills:
 + Level 8.5(12.0) Fighting
 + Level 8.9(13.4) Maces & Flails
 + Level 4.7 Armour
 - Level 2.1(4.7) Dodging
 - Level 2.4(5.1) Stealth
 - Level 7.0(10.5) Spellcasting
 + Level 13.5(15.7) Necromancy


You had 9 spell levels left.
You knew the following spells:

 Your Spells              Type           Power      Damage    Failure   Level
a - Necrotize             Necr           100%       1d9       0%          1
b - Vampiric Draining     Necr           77%        2d11      1%          3
c - Animate Dead          Necr           77%        N/A       1%          4
d - Agony                 Necr           77%        N/A       1%          5
e - Dispel Undead         Necr           77%        3d25      1%          4
f - Death Channel         Necr           38%        N/A       2%          6

Your spell library contained the following spells:

 Spells                   Type           Power      Damage    Failure   Level
 Magic Dart               Conj           64%        1d6       9%          1
 Corpse Rot               Necr/Pois/Air  42%        N/A       11%         4
 Call Imp                 Summ           15%        N/A       14%         2
 Mephitic Cloud           Conj/Pois/Air  16%        N/A       26%         3
 Simulacrum               Ice/Necr       27%        N/A       50%         6
 Hailstorm                Conj/Ice       16%        3d6       63%         4
 Ice Form                 Ice/Tmut       16%        N/A       63%         4


Dungeon Overview and Level Annotations

Branches:
Dungeon (12/15)            Temple (1/1) D:4            Lair (0/6) D:10
    Orc (0/2) D:10

Altars:
Ashenzari
Cheibriados
Dithmenos
Elyvilon
Fedhas
Gozag
Hepliaklqana
Kikubaaqudgha
Makhleb
Nemelex Xobeh
Okawaru
Qazlal
Ru
Sif Muna
Trog
Uskayaw
Vehumet
Wu Jian
Xom
Yredelemnul
Zin
The Shining One

Annotations:
D:9 exclusion: ice statue
D:12 Jorgrun


Innate Abilities, Weirdness & Mutations

You are resistant to damage.
You can heal yourself by infusing magical energy.
You passively map the area around you.
You do not regenerate.
You are somewhat resistant to further mutation.
A frigid envelope surrounds you and freezes all who hurt you.


Message History

Aiming: Vampiric Draining (safe; 1% risk of failure)
Press: ? - help, Shift-Dir - straight line, f/p - Jorgrun
Aim: Jorgrun, wielding a staff of earth and wearing a +2 robe of willpower (severely wounded)
You draw life force from Jorgrun.
You feel life coursing into your body. Jorgrun casts a spell at you.
The iron shot hits you!!! The grasping roots constrict you!
The two-headed ogre barely misses you.
The two-headed ogre hits you with a +0 giant club.
The two-headed ogre is very cold.
The two-headed ogre is lightly wounded.
The troll bites you but does no damage.
The troll is very cold.
The troll is heavily wounded.
The troll barely misses you. The troll closely misses you.
Casting: Vampiric Draining (safe; 1% risk of failure)
Confirm with . or Enter, or press ? or * to list all spells.
Aiming: Vampiric Draining (safe; 1% risk of failure)
Press: ? - help, Shift-Dir - straight line, f/p - Jorgrun
Aim: Jorgrun, wielding a staff of earth and wearing a +2 robe of willpower (almost dead)
You draw life force from Jorgrun.
You feel life coursing into your body. The troll closely misses you.
The troll barely misses you. The troll claws you but does no damage.
The troll is very cold.
The troll is severely wounded.
Jorgrun gestures at you while chanting. The iron shot hits you!!
* * * LOW HITPOINT WARNING * * *
The grasping roots constrict you!
* * * LOW HITPOINT WARNING * * *
As you read the scroll of fear, it crumbles to dust.
You assume a fearsome visage.
Jorgrun resists with almost no effort.
The two-headed ogre looks frightened!
The troll looks frightened!
Jorgrun barely misses you. The grasping roots constrict you.
Casting: Vampiric Draining (safe; 1% risk of failure)
Confirm with . or Enter, or press ? or * to list all spells.
Aiming: Vampiric Draining (safe; 1% risk of failure)
Press: ? - help, Shift-Dir - straight line, f/p - Jorgrun
Aim: Jorgrun, wielding a staff of earth and wearing a +2 robe of willpower (almost dead)
You draw life force from Jorgrun!
You feel life coursing into your body! Jorgrun casts a spell at you.
The iron shot hits you!!!
You die...

* ,,,,* * * *
,,............#
*,,............#
*,,............# ,
............###* * , ,
,.......O....... ,
.........T.....,,, , ,
, , ...............
,,,* , ,
,,.......@g......,, ,
,,..........=....,,,,,
* * ,.....#####..... ,
, ,.....#...#..... ,,
* , , * ..., *, ,
,,... ,, , *,.. *,,
.., ,. , * * *. , ,,*
** , ,, , , , , , , *,
*


You could see Jorgrun, a two-headed ogre (fleeing) and a troll (fleeing).

Vanquished Creatures
  3 two-headed ogres
  Pikel (D:5)
  An ugly thing (D:11)
  Maggie (D:6)
  A komodo dragon (D:10)
  A kobold demonologist (D:11)
  A troll (D:11)
  Sigmund (D:2)
  2 shadows (D:11)
  3 wraiths
  2 wyverns
  19 yaks
  Grum (D:9)
  2 vampire mosquitoes (D:10)
  A steam dragon (D:9)
  An acid dragon (D:9)
  A swamp drake (D:10)
  2 orc warriors (D:10)
  3 sky beasts
  2 black bears
  3 wolves (D:9)
  3 ogres
  4 centaurs
  A lemure (D:5)
  2 phantoms (D:5)
  2 kobold brigands (D:11)
  Blork the orc (D:5)
  2 necrophages
  3 bullfrogs
  3 scorpions
  5 killer bees (D:6)
  5 howler monkeys
  2 gnoll shamans (D:7)
  4 hounds
  5 jellies
  2 orc priests
  Ijyb (D:5)
  3 orc wizards
  Robin (D:2)
  8 gnolls
  9 adders
  A shadow imp (D:7)
  5 worms
  3 dart slugs
  20 orcs
  8 ball pythons
  11 endoplasms
  6 giant cockroaches
  9 goblins
  5 hobgoblins
  11 jackals
  4 quokkas
  7 bats
  2 frilled lizards (D:3)
  13 kobolds
  4 rats
227 creatures vanquished.

Vanquished Creatures (collateral kills)
  An ice dragon (D:10)
  A two-headed ogre (D:11)
  A troll (D:9)
  9 yaks
  A vampire mosquito (D:10)
  Edmund (D:5)
  A black bear (D:10)
  A phantom (D:5)
  2 necrophages
  2 bullfrogs
  A scorpion (D:5)
  A killer bee (D:6)
  A hound (D:6)
  An orc priest (D:10)
  Crazy Yiuf (D:5)
  2 iguanas (D:6)
  An orc wizard (D:10)
  2 gnolls (D:7)
  A worm (D:4)
  7 orcs
  2 goblins
  A jackal (D:1)
  A kobold (D:2)
  A rat (D:1)
43 creatures vanquished.

Vanquished Creatures (others)
  4 yak zombies
  A scorpion zombie (D:5)
  A necrophage zombie (D:4)
  2 hound zombies
  A gnoll zombie (D:4)
  12 fungi
  8 plants (D:10)
  9 toadstools (D:2)
  A withered plant (D:7)
39 creatures vanquished.

Grand Total: 309 creatures vanquished

Notes
Turn   | Place    | Note
-------+----------+-------------------------------------------
     0 | D:1      | testman the Deep Dwarf Necromancer began the quest for the
                  | Orb.
     0 | D:1      | Reached XP level 1. HP: 15/15 MP: 3/3
     6 | D:1      | Noticed a snapping turtle
     6 | D:1      | Noticed an anaconda
     7 | D:1      | Noticed a hog
     7 | D:1      | Noticed a rime drake
   337 | D:1      | Reached XP level 2. HP: 14/22 MP: 3/5
   863 | D:1      | Found a faded altar of an unknown god.
  1465 | D:2      | Reached skill level 5 in Necromancy
  1465 | D:2      | Reached XP level 3. HP: 18/28 MP: 6/6
  1469 | D:2      | Learned a level 3 spell: Vampiric Draining
  1605 | D:2      | Noticed Sigmund
  1647 | D:2      | Noticed Robin
  1664 | D:2      | Killed Robin
  1797 | D:2      | Reached XP level 4. HP: 23/36 MP: 8/8
  2041 | D:2      | Reached skill level 6 in Necromancy
  2041 | D:2      | Reached XP level 5. HP: 19/42 MP: 3/9
  2046 | D:2      | Learned a level 4 spell: Animate Dead
  2155 | D:2      | Killed Sigmund
  2156 | D:2      | Reached skill level 7 in Necromancy
  2156 | D:2      | Reached XP level 6. HP: 39/49 MP: 3/10
  2705 | D:3      | You fall into a shaft and drop 3 floors!
  2709 | D:6      | Noticed Maggie
  2734 | D:6      | Reached skill level 8 in Necromancy
  2774 | D:6      | Noticed a yak
  2775 | D:6      | Noticed a yak
  2784 | D:6      | Noticed a yak
  2806 | D:5      | Entered Level 5 of the Dungeon
  2810 | D:5      | Gained mutation: You are frail. (-10% HP) [potion of
                  | mutation]
  2810 | D:5      | Gained mutation: A frigid envelope surrounds you and
                  | freezes all who hurt you. [potion of mutation]
  2810 | D:5      | Lost mutation: You are frail. (-10% HP) [potion of
                  | mutation]
  2810 | D:5      | Gained mutation: You are somewhat resistant to further
                  | mutation. [potion of mutation]
  2814 | D:5      | Killed a yak
  2815 | D:5      | Reached skill level 9 in Necromancy
  2815 | D:5      | Reached XP level 7. HP: 33/55 MP: 11/11
  2978 | D:5      | Noticed Blork the orc
  2988 | D:5      | Killed Blork the orc
  3003 | D:5      | Found a blossoming altar of Fedhas.
  3082 | D:5      | Reached skill level 10 in Necromancy
  3480 | D:3      | Identified the +5 cloak of a Gauntlet {rN+++ Regen+ Str-2
                  | Int+5}
  3961 | D:4      | Noticed a +0 short sword
  3961 | D:4      | Noticed a +0 dagger
  3961 | D:4      | Noticed a +0 falchion
  3961 | D:4      | Noticed a +0 spear
  3961 | D:4      | Noticed a +0 dagger
  3961 | D:4      | Noticed a +0 short sword
  3963 | D:4      | Noticed a +0 falchion
  3966 | D:4      | Noticed a +0 spear
  3968 | D:4      | Found a hide-covered altar of Uskayaw.
  4113 | D:4      | Reached XP level 8. HP: 51/62 MP: 12/12
  4119 | D:4      | Learned a level 5 spell: Agony
  4205 | D:4      | Found a staircase to the Ecumenical Temple.
  4680 | Temple   | Entered the Ecumenical Temple
  4935 | Temple   | Became a worshipper of Ashenzari the Shackled
  4987 | D:5      | Reached skill level 1 in Fighting
  5019 | D:5      | Noticed Pikel
  5032 | D:5      | Killed Pikel
  5033 | D:5      | Reached skill level 11 in Necromancy
  5247 | D:5      | Noticed Edmund
  5260 | D:5      | Killed Edmund
  5261 | D:5      | Reached skill level 12 in Necromancy
  5261 | D:5      | Gained mutation: You passively map the area around you.
                  | [Deep Dwarf growth]
  5261 | D:5      | Reached XP level 9. HP: 73/73 MP: 0/16
  5312 | D:5      | Reached skill level 5 in Spellcasting
  5501 | D:5      | Noticed Ijyb
  5506 | D:5      | Killed Ijyb
  5606 | D:5      | Found a runed translucent door.
  5607 | D:5      | Noticed Crazy Yiuf
  5613 | D:5      | Killed Crazy Yiuf
  5674 | D:6      | Reached skill level 1 in Maces & Flails
  6101 | D:6      | Paralysed by Maggie for 3 turns
  6105 | D:6      | Killed Maggie
  6106 | D:6      | Reached skill level 5 in Fighting
  6106 | D:6      | Reached skill level 5 in Maces & Flails
  6293 | D:7      | Reached * piety under Ashenzari
  6385 | D:7      | Reached XP level 10. HP: 85/92 MP: 18/18
  6386 | D:7      | Found an ancient bone altar of Kikubaaqudgha.
  6676 | D:7      | Found a shadowy altar of Dithmenos.
  6878 | D:8      | Found a bloodstained altar of Trog.
  6886 | D:8      | Noticed a two-headed ogre
  6892 | D:8      | Killed a two-headed ogre
  6908 | D:8      | Reached ** piety under Ashenzari
  6943 | D:8      | Learned a level 4 spell: Dispel Undead
  6985 | D:8      | Noticed a two-headed ogre
  6992 | D:8      | Killed a two-headed ogre
  7386 | D:8      | Found a sparkling altar of Nemelex Xobeh.
  7573 | D:8      | Found a shimmering blue altar of Sif Muna.
  7828 | D:9      | Noticed Grum
  7834 | D:9      | Killed Grum
  7847 | D:9      | Noticed an ice statue
  7933 | D:9      | Found a stormy altar of Qazlal.
  8120 | D:9      | Reached *** piety under Ashenzari
  8544 | D:10     | Entered Level 10 of the Dungeon
  8608 | D:10     | Reached XP level 11. HP: 85/106 MP: 20/22
  8615 | D:10     | Learned a level 6 spell: Death Channel
  8673 | D:10     | Reached **** piety under Ashenzari
  8796 | D:10     | Reached skill level 1 in Armour
  8888 | D:10     | Found a staircase to the Lair.
  8975 | D:10     | Noticed a two-headed ogre
  8994 | D:10     | Killed a two-headed ogre
  9009 | D:10     | Found a staircase to the Orcish Mines.
  9186 | D:10     | Noticed an ice dragon
  9298 | D:10     | Killed an ice dragon
  9299 | D:10     | Reached skill level 13 in Necromancy
  9832 | D:11     | Noticed a cyan ugly thing
  9839 | D:11     | Killed a cyan ugly thing
  9884 | D:11     | Noticed a two-headed ogre
  9890 | D:11     | Killed a two-headed ogre
  9899 | D:11     | Reached ***** piety under Ashenzari
 10276 | D:11     | Reached XP level 12. HP: 122/122 MP: 18/26
 10414 | D:12     | Noticed Jorgrun
 10414 | D:12     | Noticed a two-headed ogre
 10425 | D:12     | Killed from afar by Jorgrun

Illustrated notes

Levels and vault maps discovered:
D:1:      onia_arrival_zoo_common, layout_basic,
          dilly_ecumenical_altar_fadedgnrine, hangedman_decor_lopped,
          minmay_misc_feat_plants
D:2:      cheibrodos_fertilizer, layout_loops_ring, uniq_sigmund, uniq_robin
D:3:      layout_basic, minmay_fractal_squares_gapless_5
D:4:      layout_basic, nicolae_uskayaw_en_pointe, minmay_temple_entry_statues,
          cheibrodos_sewer_entry_bend
D:5:      layout_gridville, fedhas_altar_4, minmay_strange_pillars,
          chequers_serial_rivers_small_b, uniq_pikel, uniq_crazy_yiuf_cottage,
          uniq_edmund, uniq_blork_the_orc, uniq_ijyb
D:6:      layout_cave_pools, minivault_4, uniq_maggie
D:7:      layout_rooms, grunt_dithmenos_smoke_and_mirrors,
          kiku_gazebo_garden_becter
D:8:      layout_loops_ring, mainiacjoe_overflow_small_starburst,
          mainiacjoe_overflow_swirl
D:9:      layout_basic, nicolae_qazlal_general_emergency, minivault_15,
          uniq_grum
D:10:     dragon1_lemuel, layout_rooms, grunt_lair_entry_orc_guard_hut,
          erik_orc_1, hex_large
D:11:     layout_loops_corners
D:12:     layout_irregular_city, hive_lemuel, uniq_maurice, uniq_sonja,
          uniq_jorgrun, uniq_nergalle, uniq_azrael
Temple:   minmay_temple_curvy_branch

Skill      XL: |  1  2  3  4  5  6  7  8  9 10 11 |
---------------+----------------------------------+-----
Spellcasting   | 2 3 4 5 6 7 |  7.0
Necromancy     | 5 6 7 9 10 12 13 | 13.5
Fighting       | 2 5 7 8 |  8.5
Maces & Flails | 5 7 8 |  8.9
Armour         | 4 |  4.7
Dodging        | |  2.1
Stealth        | |  2.4

Action                   |  1- 3 |  4- 6 |  7- 9 | 10-12 || total
-------------------------+-------+-------+-------+-------++-------
Melee: Unarmed           |    15 |       |       |       ||    15
       Dagger            |    12 |    50 |    93 |       ||   155
       Punch             |       |     1 |     2 |       ||     3
       Mace              |       |       |    13 |     1 ||    14
       Whip              |       |       |   115 |   216 ||   331
 Fire: Hunting sling     |       |       |     3 |       ||     3
Throw: Boomerang         |       |     1 |       |       ||     1
       Throwing net      |       |       |       |     1 ||     1
 Cast: Necrotize         |    50 |    19 |    54 |    38 ||   161
       Vampiric Draining |     4 |    26 |    49 |    90 ||   169
       Animate Dead      |       |     3 |     9 |     8 ||    20
       Agony             |       |       |     4 |    14 ||    18
       Dispel Undead     |       |       |       |     9 ||     9
       Death Channel     |       |       |       |     6 ||     6
Invok: Curse Item        |       |       |     2 |     6 ||     8
  Use: Potion            |       |     7 |       |       ||     7
       Scroll            |       |     1 |     8 |     1 ||    10
 Stab: Sleeping          |     1 |     1 |     7 |     3 ||    12
       Invisible         |       |       |     1 |       ||     1
       Distracted        |       |       |       |     4 ||     4
Armor: Robe              |     8 |    17 |    49 |       ||    74
       Swamp dragon scal |       |       |    18 |    81 ||    99
Dodge: Dodged            |    21 |    64 |   202 |   207 ||   494

Table legend: (Time is in decaauts)
 A = Elapsed time spent in this place.
 B = Non-inter-level travel time spent in this place.
 C = Inter-level travel time spent in this place.
 D = Time resting spent in this place.
 E = Time spent auto-exploring this place.
 F = Levels seen in this place.
 G = Mean time per level.
                   A        B        C        D        E       F      G
               +--------+--------+--------+--------+--------+-----+--------+
         Total |  10339 |   9726 |    613 |    753 |   6742 |  13 |  795.3 |
       Dungeon |  10072 |   9479 |    593 |    753 |   6501 |  12 |  839.3 |
        Temple |    266 |    246 |     20 |      0 |    241 |   1 |  266.0 |
               +--------+--------+--------+--------+--------+-----+--------+

Top non-repeatable levels by time:
     D:1: 1442 daAuts
     D:2: 1098 daAuts
     D:3: 1010 daAuts
     D:5: 990 daAuts
    D:10: 948 daAuts
     D:9: 943 daAuts
    D:11: 850 daAuts
     D:4: 767 daAuts
     D:8: 742 daAuts
     D:6: 708 daAuts
     D:7: 560 daAuts
  Temple: 266 daAuts
    D:12: 10 daAuts
